 Dungeon Crawl Stone Soup version 0.30-a0-772-g5528072125 (webtiles) character file.

Game seed: 16715338355076964662

82397 holysushi the Phalangite (level 15, 0/112 HPs)
             Began as a Merfolk Gladiator on Feb 12, 2023.
             Was the Champion of Okawaru.
             Splashed by a goliath frog's acid (9 damage)
             ... on level 3 of the Swamp.
             The game lasted 00:30:26 (22288 turns).

holysushi the Phalangite (Merfolk Gladiator)       Turns: 22288, Time: 00:30:27

Health: 0/112      AC:  6    Str: 13    XL:     15   Next: 73%
Magic:  18/18      EV: 32    Int:  9    God:    Okawaru [******]
Gold:   1446       SH:  0    Dex: 26    Spells: 14/14 levels left

rFire   . . .      SeeInvis +    t - +8 bardiche "Xuapso" {flame, rElec Str-4 Int+3 SInv}
rCold   . . .      Faith    .    (shield currently unavailable)
rNeg    . . .      Spirit   .    o - +5 ring mail of Henotheism {Contam Harm Will+++ Str+2}
rPois   +          Reflect  .    c - +2 helmet
rElec   +          Harm     +    (no cloak)
rCorr   .          Rampage  .    (no gloves)
Will    ++++.      Clarity  +    p - +0 pair of boots
Stlth   +++++                    N - amulet of regeneration
HPRegen 1.18/turn                A - ring of poison resistance
MPRegen 0.16/turn                s - +5 ring of evasion

@: corroded
A: (nimble swimmer 2), mertail, agile 1, clarity
a: Renounce Religion, Heroism, Finesse, Duel


You were on level 3 of the Swamp.
You worshipped Okawaru.
Okawaru was exalted by your worship.
You visited 5 branches of the dungeon, and saw 21 of its levels.

You collected 1842 gold pieces.
You spent 396 gold pieces at shops.

Inventory:

Hand Weapons
 a - a +1 trident
 e - a +0 halberd
 l - a +3 bardiche of protection
 t - the +8 bardiche "Xuapso" (weapon) {flame, rElec Str-4 Int+3 SInv}
   (Okawaru gifted it to you on level 1 of the Orcish Mines)

   Str:       It affects your strength (-4).
   Int:       It affects your intelligence (+3).
   rElec:     It insulates you from electricity.
   SInv:      It lets you see invisible.
Missiles
 d - 5 javelins (quivered)
Armour
 b - a +0 leather armour
 c - a +2 helmet (worn)
 o - the +5 ring mail of Henotheism (worn) {Contam Harm Will+++ Str+2}
   (You found it on level 2 of the Dungeon)

   Str:       It affects your strength (+2).
   Contam:    It causes magical contamination when unequipped.
   Harm:      It increases damage dealt and taken.
   Will:      It greatly increases your willpower.
 p - a +0 pair of boots (worn)
 K - the +2 ring mail of Sotoegog {rF+ Int+3 Slay+3}
   (You found it on level 10 of the Dungeon)

   Int:       It affects your intelligence (+3).
   Slay:      It affects your accuracy & damage with ranged weapons and melee
   (+3).
   rF:        It protects you from fire.
 U - the +5 scale mail of the Harvest {Dex+3}
   (Okawaru gifted it to you on level 5 of the Lair of Beasts)

   Dex:       It affects your dexterity (+3).
Jewellery
 f - a ring of protection from fire
 s - a +5 ring of evasion (right hand)
 A - a ring of poison resistance (left hand)
 F - a ring of protection from fire
 J - a ring of magical power
 N - an amulet of regeneration (around neck)
 P - a ring of ice
 Q - a ring of ice
 S - a ring of magical power
Wands
 k - a wand of charming (22)
 C - a wand of mindburst (1)
 G - a wand of flame (14)
 M - a wand of light (4)
 O - a wand of roots (9)
Scrolls
 h - 5 scrolls of teleportation
 m - 6 scrolls of identify
 n - 3 scrolls of immolation
 q - 2 scrolls of blinking
 u - 5 scrolls of magic mapping
 y - a scroll of vulnerability
 z - 3 scrolls of enchant armour
 B - 4 scrolls of enchant weapon
 D - 3 scrolls of noise
 I - a scroll of poison
Potions
 g - a potion of cancellation
 i - 2 potions of degeneration
 j - 2 potions of ambrosia
 r - 7 potions of curing
 v - 4 potions of heal wounds
 w - 6 potions of brilliance
 x - 3 potions of lignification
 H - 2 potions of berserk rage
 L - 2 potions of attraction {unknown}
 R - a potion of invisibility {unknown}
 T - 2 potions of mutation
 V - 2 potions of flight
Miscellaneous
 E - a phial of floods


   Skills:
 + Level 8.5 Fighting
 - Level 24.0 Polearms
 - Level 2.0 Throwing
 + Level 1.8 Armour
 - Level 20.0 Dodging
 + Level 10.5 Stealth
 + Level 4.1 Invocations
 - Level 3.0 Evocations


You had 14 spell levels left.
You didn't know any spells.
Your spell library contained the following spells:

 Spells                   Type           Power      Damage    Failure   Level
 Ensorcelled Hibernation  Hex/Ice        0%         N/A       78%         2
 Passwall                 Tmut/Erth      0%         N/A       78%         2
 Static Discharge         Conj/Air       0%         2-2/arc   78%         2
 Swiftness                Air            0%         N/A       95%         3
 Vhi's Electric Charge    Tloc/Air       0%         N/A       95%         3
 Manifold Assault         Tloc           0%         N/A       100%        4
 Arcjolt                  Conj/Air       0%         1d10      100%        5
 Lightning Bolt           Conj/Air       0%         1d11      100%        5
 Summon Forest            Summ/Tloc      Unusable   N/A       N/A         5
 Summon Mana Viper        Hex/Summ       Unusable   N/A       N/A         5
 Summon Cactus Giant      Summ           Unusable   N/A       N/A         6

Dungeon Overview and Level Annotations

Branches:
Dungeon (10/15) Zot: 22792  Temple (1/1) D:5 Zot: 5985    Lair (5/5) D:8 Zot: 25183
  Swamp (3/4) Lair:3 Zot: 16900  Spider (0/4) Lair:3        Slime (0/5) Lair:4
    Orc (2/2) D:10 Zot: 9726     Elf (0/3) Orc:2

Altars:
Cheibriados
Dithmenos
Elyvilon
Gozag
Hepliaklqana
Kikubaaqudgha
Nemelex Xobeh
Okawaru
Ru
Sif Muna
Trog
Uskayaw
Vehumet
Wu Jian
Xom
Yredelemnul
Zin
The Shining One
Jiyva

Shops:
D:1 (   D:5 ?   D:7 *   D:9 [!==   Orc:2 (:*:[

Annotations:
D:4 2 transporters
D:9 3 runed translucent doors, Beavis's ghost, journeyman GnWn
D:10 1 runed translucent door, dracfodder's ghost, journeyman GrEE
Swamp:2 1 runed translucent door, OstrichLN's ghost, journeyman MiFi


Innate Abilities, Weirdness & Mutations

((You are very nimble when in or above water. (Stealth+, EV+, Speed+++)))
Your lower body shifts to a powerful aquatic tail in water.
You are agile. (Dex +4, Str/Int -1)
You possess an exceptional clarity of mind.


Message History

The swamp dragon closely misses you. The swamp dragon completely misses you.
The swamp dragon misses you. The goliath frog completely misses you.
You hit the spriggan. You burn the spriggan.
The spriggan is almost dead.
The spriggan misses you. The goliath frog closely misses you.
The spriggan blocks your attack.
The spriggan is almost dead.
A will-o-the-wisp comes into view.
The swamp dragon completely misses you. The swamp dragon misses you.
The swamp dragon completely misses you. The spriggan misses you.
The spriggan blocks your attack.
The spriggan is almost dead.
The goliath frog misses you. The swamp dragon completely misses you.
The swamp dragon misses you. The swamp dragon completely misses you.
The will-o-the-wisp gives a chilling moan.
You slice the spriggan!! You burn the spriggan.
You kill the spriggan!
Okawaru accepts your kill.
You hear a splash. x3
The goliath frog hits you from afar.
You are splashed with acid!
The swamp dragon barely misses you. The swamp dragon closely misses you.
The swamp dragon barely misses you.
You slash the swamp dragon! You burn the swamp dragon.
The swamp dragon is moderately wounded.
The goliath frog hits you from afar!
You are splashed with acid!
The swamp dragon attacks as you move away!
The swamp dragon completely misses you. The swamp dragon misses you.
The swamp dragon tramples you.
The will-o-the-wisp gestures.
The will-o-the-wisp conjures some foxfire!
The swamp dragon breathes poison at you.
The blast of poison misses you. 2 foxfires come into view.
The foxfire hits you! The foxfire hits you!!
* * * LOW HITPOINT WARNING * * *
The goliath frog is engulfed in poison gas.
The goliath frog is poisoned.
The goliath frog hits you from afar.
* * * LOW HITPOINT WARNING * * *
The acid corrodes you!
You are splashed with acid!
You die...

~~~ . ♣
♣~.~~.~..~
~♣~~~
♣~♣~.~~~§~
.§~~.
♣~♣.≈.~.~
.~~~~
♣.~.~~♣♣~♣
.~~~§
♣~)§~♣♣..♣
.~~♣.
♣.~D♣♣♣~.♣
~..(~
♣♣○♣F♣♣.~~♣
~~~~§
♣♣~○☼☼♣♣..♣
.~§~.
♣♣♣.~v☼@♣♣..♣♣
..~~.
.~~...○○○..♣<♣
.~~~♣
..♣~~♣.♣~~..♣♣
~~~<.~.~~~~♣♣
....♣♣~~~..♣
.♣♣♣ ♣♣.~.♣♣
♣♣..♣ ♣♣.♣ ♣.♣


You could see a swamp dragon (strong, catching breath), a goliath frog (strong,
poisoned) and a will-o-the-wisp.

Vanquished Creatures
  Nikola (Swamp:1)
  An eleionoma (Swamp:2)
  2 bunyips
  Fannar (Lair:3)
  2 ghost crabs
  Erolcha (Orc:1)
  4 catoblepae
  9 hydras
  2 alligators
  6 death yaks
  4 orc high priests
  2 boulder beetles
  Urug (Lair:5)
  2 skysharks
  3 spriggan druids
  3 goliath frogs (Swamp:2)
  2 bog bodies (Swamp:1)
  An orc knight (D:10)
  4 orc sorcerers
  2 will-o-the-wisps (Swamp:1)
  2 manticores (Lair:5)
  15 elephants
  Maurice (Orc:1)
  Joseph (D:7)
  7 centaur zombies (D:10)
  A gargoyle (D:10)
  A torpor snail (Lair:4)
  7 black mambas
  13 cane toads
  A kobold demonologist (D:9)
  5 rime drakes
  An unseen horror zombie (D:10)
  17 komodo dragons
  9 trolls
  2 polar bears
  3 hornets (Swamp:2)
  5 tyrant leeches
  6 blink frogs
  14 dream sheep (Lair:5)
  A meliai zombie (D:10)
  5 spriggans
  3 shadows (D:10)
  A wraith (D:10)
  4 wyverns
  54 yaks
  A culicivora (Lair:3)
  4 vampires (D:10)
  7 basilisks
  4 steam dragons
  4 vampire mosquitoes
  2 wargs (Orc:2)
  10 swamp worms
  2 acid dragons
  18 water moccasins
  Duvessa (D:5)
  A sky beast (D:7)
  2 swamp drakes
  3 ice beasts
  5 ogres
  A black bear (Lair:3)
  16 orc warriors
  9 wolves
  3 centaurs
  3 phantoms
  3 kobold brigands
  2 necrophages
  10 bullfrogs
  A scorpion (D:5)
  A gnoll sergeant (D:10)
  5 wights (D:9)
  Dowan (D:5)
  10 howler monkeys
  An electric eel (D:7)
  7 hounds
  A jelly (D:7)
  21 orc priests
  Terence (D:2)
  22 orc wizards
  7 iguanas
  2 howler monkey zombies (D:10)
  11 adders
  7 gnolls
  A shadow imp (D:7)
  2 white imps
  An ufetubus (D:6)
  4 dart slugs
  75 orcs
  9 ball pythons
  12 endoplasms
  2 giant cockroaches
  5 goblins
  3 hobgoblins
  5 jackals
  20 kobolds
  4 quokkas
  6 bats
  A frilled lizard (D:2)
  2 rats
593 creatures vanquished.

Vanquished Creatures (others)
  A bloated husk (Swamp:1)
  A tyrant leech (Lair:3)
  2 foxfires (Swamp:3)
  33 fungi
  51 plants
  2 withered plants
90 creatures vanquished.

Grand Total: 683 creatures vanquished

Notes
Turn   | Place    | Note
-------+----------+-------------------------------------------
     0 | D:1      | holysushi the Merfolk Gladiator began the quest for the
                  | Orb.
     0 | D:1      | Reached XP level 1. HP: 16/16 MP: 1/1
    53 | D:1      | Reached XP level 2. HP: 16/22 MP: 2/2
   141 | D:1      | Found Canail's Weapon Shoppe.
   210 | D:1      | Reached skill level 5 in Polearms
   355 | D:1      | Reached XP level 3. HP: 27/27 MP: 3/3
   860 | D:2      | Identified the +5 ring mail of Henotheism {Contam Harm
                  | Will+++ Str+2}
   925 | D:2      | Reached skill level 6 in Polearms
   987 | D:2      | Noticed Terence
   995 | D:2      | Killed Terence
   996 | D:2      | Reached XP level 4. HP: 33/33 MP: 4/4
  1520 | D:3      | Reached skill level 7 in Polearms
  1524 | D:3      | Found a faded altar of an unknown god.
  2321 | D:4      | Noticed a phantom
  2328 | D:4      | Killed a phantom
  2329 | D:4      | Reached skill level 8 in Polearms
  2329 | D:4      | Reached XP level 5. HP: 38/38 MP: 5/5
  2482 | D:4      | Found a transporter.
  2484 | D:4      | Noticed an orc warrior
  2486 | D:4      | Found a snail-covered altar of Cheibriados.
  2489 | D:4      | Reached XP level 6. HP: 44/44 MP: 6/6
  2592 | D:4      | Reached skill level 9 in Polearms
  2723 | D:4      | Noticed a steam dragon
  2724 | D:4      | Found a transporter.
  2748 | D:4      | Found a hazy altar of Hepliaklqana.
  2827 | D:4      | Reached XP level 7. HP: 50/50 MP: 7/7
  2891 | D:4      | Reached skill level 5 in Dodging
  3129 | D:4      | Reached skill level 10 in Polearms
  3399 | D:5      | Entered Level 5 of the Dungeon
  3849 | D:5      | Reached XP level 8. HP: 35/56 MP: 8/8
  3872 | D:5      | Reached skill level 11 in Polearms
  4070 | D:5      | Noticed a komodo dragon
  4294 | D:5      | Noticed Duvessa
  4363 | D:5      | Noticed Dowan
  4375 | D:5      | Killed Duvessa
  4495 | D:5      | Killed Dowan
  4608 | D:5      | Found Guuj's Magic Scroll Boutique.
  4651 | D:6      | Reached skill level 12 in Polearms
  4716 | D:5      | Reached XP level 9. HP: 33/61 MP: 9/9
  4937 | D:6      | Found an ornate altar of the Wu Jian Council.
  4995 | D:6      | Found a shadowy altar of Dithmenos.
  5133 | D:6      | Reached skill level 10 in Dodging
  5154 | D:6      | Reached skill level 13 in Polearms
  5216 | D:6      | Noticed a gargoyle
  5216 | D:6      | Noticed a komodo dragon
  5700 | D:7      | Found a hide-covered altar of Uskayaw.
  5951 | D:7      | Found a basalt altar of Yredelemnul.
  6014 | D:7      | Noticed Joseph
  6075 | D:7      | Killed Joseph
  6225 | D:7      | Reached skill level 14 in Polearms
  6323 | D:7      | Found Gozag's Platinum Reserve.
  6325 | D:7      | Found an opulent altar of Gozag.
  6388 | D:7      | Noticed a troll
  6406 | D:7      | Killed a troll
  6407 | D:7      | Reached XP level 10. HP: 13/73 MP: 10/10
  6736 | D:7      | Reached skill level 5 in Fighting
  7040 | D:5      | Reached skill level 1 in Evocations
  7087 | D:5      | Found a shimmering altar of Xom.
  7150 | D:5      | Bought a scroll of blinking for 90 gold pieces
  7150 | D:5      | Bought 2 scrolls of enchant armour for 180 gold pieces
  7150 | D:5      | Bought a scroll of enchant weapon for 90 gold pieces
  7150 | D:5      | Bought a scroll of teleportation for 36 gold pieces
  7239 | D:5      | Found a staircase to the Ecumenical Temple.
  7371 | Temple   | Entered the Ecumenical Temple
  7378 | Temple   | Became a worshipper of Warmaster Okawaru
  7783 | D:8      | Found a staircase to the Lair.
  8001 | D:8      | Reached * piety under Okawaru
  8165 | D:8      | You fall into a shaft and drop 1 floor!
  8191 | D:9      | Found Zesuut's Jewellery Boutique.
  8388 | D:9      | Found a runed translucent gate.
  8388 | D:9      | Found a runed translucent gate.
  8388 | D:9      | Found a runed translucent gate.
  8388 | D:9      | Noticed a kobold demonologist
  8388 | D:9      | Noticed a kobold demonologist
  8389 | D:9      | Noticed Beavis's ghost (journeyman GnWn)
  8389 | D:9      | Noticed a kobold demonologist
  8416 | D:9      | Noticed a rust devil
  8425 | D:9      | Killed a kobold demonologist
  8439 | D:9      | Noticed a kobold demonologist
  8763 | D:9      | Found Noby's Distillery.
  8927 | D:9      | Reached ** piety under Okawaru
  8999 | D:9      | Reached XP level 11. HP: 84/84 MP: 11/11
  9175 | D:9      | Found Ynoq's Jewellery Boutique.
  9187 | D:9      | Reached *** piety under Okawaru
  9267 | D:9      | Got the Spellbook of Quantum Voltage
  9431 | D:9      | Found Fianon's Antique Armour Emporium.
  9593 | D:10     | Entered Level 10 of the Dungeon
  9682 | D:10     | Found a runed translucent door.
  9682 | D:10     | Noticed dracfodder's ghost (journeyman GrEE)
  9799 | D:10     | Reached skill level 15 in Polearms
  9849 | D:10     | Received a gift from Okawaru
 10003 | D:10     | Reached **** piety under Okawaru
 10038 | D:9      | HP: 2/86 [komodo dragon (31)]
 10479 | D:9      | Found Zesuut's Jewellery Boutique.
 10629 | D:9      | Found Ynoq's Jewellery Boutique.
 10746 | D:9      | Found Fianon's Antique Armour Emporium.
 10889 | D:9      | Found Noby's Distillery.
 11028 | D:10     | Noticed an orc knight
 11049 | D:10     | Killed an orc knight
 11050 | D:10     | Reached skill level 16 in Polearms
 11222 | D:10     | Found a staircase to the Orcish Mines.
 11305 | D:10     | Identified the +2 ring mail of Sotoegog {rF+ Int+3 Slay+3}
 11321 | D:10     | Reached ***** piety under Okawaru
 11322 | D:10     | Reached skill level 15 in Dodging
 11812 | D:10     | Noticed a boulder beetle
 12773 | D:10     | Gained mutation: You possess an exceptional clarity of
                  | mind. [potion of mutation]
 12773 | D:10     | Gained mutation: You are agile. (Dex +4, Str/Int -1)
                  | [potion of mutation]
 13006 | Orc:1    | Entered Level 1 of the Orcish Mines
 13008 | Orc:1    | Noticed an orc sorcerer
 13013 | Orc:1    | Noticed an orc sorcerer
 13015 | Orc:1    | Killed an orc sorcerer
 13016 | Orc:1    | Reached XP level 12. HP: 67/92 MP: 12/12
 13160 | Orc:1    | Reached skill level 1 in Invocations
 13196 | Orc:1    | Noticed Maurice
 13199 | Orc:1    | Found a shimmering blue altar of Sif Muna.
 13224 | Orc:1    | Killed Maurice
 13225 | Orc:1    | Reached skill level 17 in Polearms
 13319 | Orc:1    | Identified the +8 bardiche "Xuapso" {flame, rElec Str-4
                  | Int+3 SInv} (Okawaru gifted it to you on level 1 of the
                  | Orcish Mines)
 13319 | Orc:1    | Received a gift from Okawaru
 13340 | Orc:1    | Noticed Erolcha
 13344 | Orc:1    | Killed Erolcha
 13507 | Orc:2    | Entered Level 2 of the Orcish Mines
 13685 | Orc:2    | Noticed an orc high priest
 13851 | Orc:2    | Noticed an orc high priest
 14198 | Orc:1    | Killed an orc high priest
 14405 | Orc:1    | Killed an orc high priest
 14407 | Orc:1    | Reached skill level 18 in Polearms
 14668 | Orc:2    | Found Ysec's Weapon Shop.
 14668 | Orc:2    | Found Daurao's Book Shop.
 14669 | Orc:2    | Found Rinwipsi's Book Boutique.
 14673 | Orc:2    | Found Ettoff's Assorted Antiques.
 14673 | Orc:2    | Noticed an orc high priest
 14675 | Orc:2    | Noticed an orc high priest
 14679 | Orc:2    | Killed an orc high priest
 14809 | Orc:2    | Noticed a soul eater
 14812 | Orc:2    | Killed an orc high priest
 14813 | Orc:2    | Reached skill level 1 in Stealth
 14867 | Orc:2    | Found a staircase to the Elven Halls.
 14868 | Orc:2    | Found Cionat's Armour Boutique.
 15788 | D:10     | Killed a boulder beetle
 15788 | D:10     | Received a gift from Okawaru
 16134 | Lair:1   | Entered Level 1 of the Lair of Beasts
 16247 | Lair:1   | Reached XP level 13. HP: 98/98 MP: 15/15
 17072 | Lair:2   | Found a shimmering blue altar of Sif Muna.
 17384 | Lair:3   | Found a staircase to the Swamp.
 17554 | Lair:3   | Reached skill level 5 in Stealth
 17565 | Lair:3   | Reached skill level 19 in Polearms
 17586 | Lair:3   | Found a hole to the Spider Nest.
 17671 | Lair:3   | Noticed Fannar
 17675 | Lair:3   | Killed Fannar
 18289 | Lair:3   | Found the +8 whip "Snakebite" {venom, curare, rPois}
 18619 | Lair:4   | Reached ****** piety under Okawaru
 18689 | Lair:4   | Reached skill level 20 in Polearms
 18740 | Lair:4   | Received a gift from Okawaru
 18802 | Lair:4   | Received a gift from Okawaru
 18805 | Lair:4   | Reached XP level 14. HP: 97/105 MP: 16/16
 18897 | Lair:4   | Found a viscous altar of Jiyva.
 18897 | Lair:4   | Found a staircase to the Slime Pits.
 19441 | Lair:4   | Identified the +0 ring mail of the Grue {rCorr Str-4 Int+5}
                  | (Okawaru gifted it to you on level 4 of the Lair of Beasts)
 19441 | Lair:4   | Received a gift from Okawaru
 19442 | Lair:4   | Reached skill level 21 in Polearms
 19714 | Lair:4   | Identified the +1 trident "Zisyzol" {protect, rCorr Dex+2}
 19778 | Lair:5   | Entered Level 5 of the Lair of Beasts
 19873 | Lair:5   | Noticed Urug
 19882 | Lair:5   | Killed Urug
 20261 | Lair:5   | Identified the +5 scale mail of the Harvest {Dex+3}
                  | (Okawaru gifted it to you on level 5 of the Lair of Beasts)
 20261 | Lair:5   | Received a gift from Okawaru
 20262 | Lair:5   | Reached skill level 22 in Polearms
 20383 | Lair:5   | Reached XP level 15. HP: 99/110 MP: 17/17
 20451 | Lair:5   | Reached skill level 10 in Stealth
 20854 | Swamp:1  | Entered Level 1 of the Swamp
 20862 | Swamp:1  | Reached skill level 23 in Polearms
 21149 | Swamp:1  | Noticed Nikola
 21172 | Swamp:1  | Killed Nikola
 21172 | Swamp:1  | Received a gift from Okawaru
 21568 | Swamp:2  | Reached skill level 24 in Polearms
 21795 | Swamp:2  | Reached skill level 1 in Armour
 21933 | Swamp:2  | Received a gift from Okawaru
 22047 | Swamp:2  | Found a runed translucent door.
 22048 | Swamp:2  | Found a shimmering altar of Xom.
 22048 | Swamp:2  | Noticed OstrichLN's ghost (journeyman MiFi)
 22288 | Swamp:3  | Splashed by a goliath frog's acid

Illustrated notes

Levels and vault maps discovered:
D:1:      dpeg_arrival_water_temple_mockup, layout_basic, serial_shops,
          nicolae_shop_bloodbath_and_beyond, serial_bayou_crossing
D:2:      minmay_spotlight, layout_basic, uniq_terence
D:3:      layout_basic, chequers_ecumenical_altar_simple_redux
D:4:      nicolae_cairo_tiling_very_big, layout_basic,
          gammafunk_temple_overflow_arena
D:5:      layout_rooms, tgw_xom, temple_hall, serial_shops, shop, uniq_duvessa
D:6:      layout_rooms, grunt_dithmenos_smoke_and_mirrors,
          mainiacjoe_overflow_tiny_flanked, hangedman_abyss_or_decor_stabs,
          lightli_corner_chamber
D:7:      layout_basic, yredelemnul_altar_generic,
          nicolae_gozag_zags_fifth_avenue, mainiacjoe_overflow_small_starburst,
          kennysheep_flooded_box, uniq_joseph
D:8:      layout_basic, lair_entry_dummy, hex_tiny
D:9:      minmay_angry_zag, layout_basic, serial_shops, shop,
          kennysheep_mini_moat, shop, nicolae_square_shop,
          gammafunk_ghost_nasty_kobolds
D:10:     layout_basic, david_orc_5, serial_undead, serial_undead_d,
          serial_undead_d, serial_undead_e, serial_undead_f,
          gammafunk_ghost_grave, corexii_corridor_pit, minmay_misc_feat_rows,
          serial_bayou_ford_a
Temple:   eino_temple_lava
Lair:1:   layout_loops_ring, grunt_megastairs_4
Lair:2:   layout_misc_corridors, basic_altar, ldierk_geyser,
          columned_hall_lemuel
Lair:3:   minmay_guarded_unrand_snakebite, layout_chaotic_city,
          minmay_swamp_entry_reptiles, hellmonk_spider_entry_life_and_decay,
          serial_bayou_shore_a, uniq_fannar
Lair:4:   nzn_winding_woodlands_stair_trap
          [nzn_winding_woodlands_5x15_river_crossing,
          nzn_winding_woodlands_5x15_longhouse,
          nzn_winding_woodlands_5x15_sawtooth,
          nzn_winding_woodlands_15x15_boxy_spiral,
          nzn_winding_woodlands_5x15_jagged, nzn_winding_woodlands_5x15_garden,
          nzn_winding_woodlands_5x15_lazy_stream], layout_regular_city,
          dpeg_slime_entry_enclosed, beast_lair_carwin_5
Lair:5:   evilmike_catoblepas_cave, layout_small_grid,
          infiniplex_staircase_pool_2, uniq_urug
Swamp:1:  layout_basic_swamp, nicolae_swamp_very_dense_foliage, uniq_nikola
Swamp:2:  layout_falls_marsh, ebering_ghost_xom, serial_swamp_ruin,
          evilmike_swamp_ruin_rubble_2, evilmike_swamp_ruin_house_5
Swamp:3:  layout_falls_marsh, evilmike_swamp_ruin_house_1, uniq_roxanne
Orc:1:    layout_diamond_mine, kennysheep_orc_sif_temple, uniq_maurice,
          uniq_erolcha
Orc:2:    st_orc_mages, layout_diamond_mine, serial_shops, shop

Skill      XL: |  1  2  3  4  5  6  7  8  9 10 11 12 13 14 15 |
---------------+----------------------------------------------+-----
Polearms       | 5 6 8 9 10 12 14 16 18 20 22 24 | 24.0
Dodging        | 6 9 11 14 15 17 19 20 | 20.0
Fighting       | 4 7 8 |  8.5
Evocations     | 3 |  3.0
Invocations    | 3 4 |  4.1
Stealth        | 3 5 9 10 | 10.5
Armour         | 1 |  1.8
Throwing       | |  2.0

Action                     |  1- 3 |  4- 6 |  7- 9 | 10-12 | 13-15 || total
---------------------------+-------+-------+-------+-------+-------++-------
  Melee: Trident           |    97 |   141 |   401 |   354 |       ||   993
         Punch             |       |     1 |     5 |     5 |       ||    11
         Halberd           |       |       |       |   186 |       ||   186
         Glaive            |       |       |       |   209 |       ||   209
         Bardiche          |       |       |       |   150 |   680 ||   830
         Tailslap          |       |       |       |     4 |     4 ||     8
 Invoke: Heroism           |       |       |       |     2 |       ||     2
  Evoke: Wand              |       |       |     4 |     2 |       ||     6
         Phial of floods   |       |       |       |     1 |       ||     1
    Use: Scroll            |       |       |    15 |     9 |     1 ||    25
         Potion            |       |       |     6 |     6 |     1 ||    13
   Stab: Sleeping          |     1 |       |       |       |    28 ||    29
         Paralysed         |       |       |       |     1 |       ||     1
         Distracted        |       |       |       |       |     5 ||     5
         Petrified         |       |       |       |       |     3 ||     3
         Petrifying        |       |       |       |       |     1 ||     1
 Armour: Leather armour    |    23 |       |       |       |       ||    23
         Ring mail         |     8 |    41 |    97 |   121 |   102 ||   369
  Dodge: Dodged            |    63 |    71 |   263 |   694 |   683 ||  1774

Table legend: (Time is in decaauts)
 A = Elapsed time spent in this place.
 B = Non-inter-level travel time spent in this place.
 C = Inter-level travel time spent in this place.
 D = Time resting spent in this place.
 E = Time spent auto-exploring this place.
 F = Levels seen in this place.
 G = Mean time per level.
                   A        B        C        D        E       F      G
               +--------+--------+--------+--------+--------+-----+--------+
         Total |  21693 |  20543 |   1150 |   5398 |  10890 |  21 | 1033.0 |
       Dungeon |  13489 |  12772 |    717 |   3939 |   6324 |  10 | 1348.9 |
        Temple |     14 |      9 |      5 |      0 |      0 |   1 |   14.0 |
          Lair |   4816 |   4601 |    215 |    516 |   3017 |   5 |  963.2 |
         Swamp |   1098 |   1045 |     53 |      9 |    765 |   3 |  366.0 |
  Orcish Mines |   2273 |   2115 |    158 |    934 |    783 |   2 | 1136.5 |
               +--------+--------+--------+--------+--------+-----+--------+

Top non-repeatable levels by time:
    D:10: 2821 daAuts
     D:9: 2412 daAuts
     D:4: 1696 daAuts
     D:7: 1607 daAuts
   Orc:1: 1591 daAuts
  Lair:3: 1397 daAuts
  Lair:4: 1194 daAuts
     D:5: 1043 daAuts
     D:3: 1006 daAuts
  Lair:5: 977 daAuts
     D:8: 806 daAuts
     D:1: 794 daAuts
     D:6: 710 daAuts
   Orc:2: 682 daAuts
  Lair:2: 650 daAuts
